Map: White Rabbit LE

Players

SCIInewby

  • Race: Zerg Zerg
  • League: Master
  • Spawn Location: 7:00

ХОХОЛ - Winner!

  • Race: Protoss Protoss
  • League: Master
  • Spawn Location: 1:00

VOD

Have the link to the VOD?

Description

Time

  • Played on: Feb. 11, 2026, 10:46 a.m.
  • Length: 16:34
Show
View Real Time Build Order
Export as new Build Order

SCIInewby Zerg 

Build Orders: Hatch First 

Get SALT Encoding   

  12  0:01  Drone  
  13  0:13  Overlord  
  13  0:16  Drone  
  14  0:31  Drone x2  
  16  0:48  Hatchery  
  15  0:51  Drone  
  15  0:55  Drone  
  17  1:07  Drone x2  
  19  1:24  Spawning Pool  
  18  1:26  Extractor  
  18  1:27  Drone  
  18  1:32  Drone  
  19  1:42  Drone  
  20  1:51  Drone  
  21  1:57  Extractor  
  20  2:08  Drone x2  
  20  2:11  Queen x2  
  26  2:20  Roach Warren  
  24  2:28  Drone x3  
  24  2:29  Drone  
  28  2:34  Overlord  
  28  2:48  Lair  
  28  3:02  Spine Crawler  
  28  3:04  Overlord  
  28  3:05  Overlord, Spine Crawler  
  26  3:11  Roach  
  26  3:12  Roach  
  30  3:19  Drone x2  
  32  3:26  Drone x3  
  35  3:28  Zergling x2  
  36  3:39  Zergling x8  
  40  3:47  Queen  
  42  3:58  Drone  
  42  3:59  Drone, Spire  
  43  4:05  Drone  
  43  4:06  Drone x2  
  46  4:13  Extractor, Drone  
  46  4:14  Drone  
  46  4:15  Extractor  
  46  4:20  Drone x2  
  46  4:23  Glial Reconstitution  
  48  4:30  Evolution Chamber, Drone  
  48  4:32  Drone  
  49  4:46  Roach  
  51  4:58  Drone  
  52  5:01  Zerg Missile Weapons Level 1, Overlord  
  52  5:02  Overlord x2  
  52  5:23  Drone  
  52  5:24  Drone x4  
  52  5:27  Overseer  
  57  5:28  Hatchery  
  57  5:31  Overseer  
  56  5:55  Mutalisk  
  56  5:56  Zergling x4  
  56  5:57  Zergling x2, Mutalisk x3  
  61  5:58  Mutalisk  
  69  6:16  Spore Crawler  
  68  6:19  Spore Crawler  
  67  6:28  Zergling x2  
  67  6:29  Overlord x5  
  68  6:52  Drone x4, Hydralisk Den  
  68  6:53  Drone  
  72  6:55  Zerg Ground Armor Level 1  
  72  7:06  Ravager  
  73  7:19  Mutalisk x6  
  85  7:23  Drone x6  
  91  7:39  Grooved Spines  
  91  7:43  Hydralisk x2  
  93  7:47  Hydralisk  
  93  7:51  Extractor  
  96  7:52  Drone x4  
  96  7:53  Drone x2, Extractor  
  101  8:14  Hatchery  
  100  8:26  Mutalisk x4  
  106  8:28  Hydralisk  
  106  8:30  Muscular Augments  
  110  8:49  Zerg Melee Weapons Level 1  
  110  8:50  Extractor  
  110  8:54  Extractor  
  110  8:55  Infestation Pit  
  107  8:58  Roach  
  107  8:59  Roach x2  
  107  9:00  Zergling x2, Overlord  
  107  9:01  Overlord x4  
  91  9:28  Mutalisk x2  
  91  9:29  Mutalisk x2  
  91  9:30  Zergling x4  
  91  9:31  Zergling x26  
  83  10:09  Queen  
  76  10:16  Drone x3  
  76  10:18  Zergling x2  
  76  10:19  Hydralisk x3  
  76  10:20  Hydralisk x5  
  81  10:31  Drone  
  81  10:32  Overlord x3  
  78  10:35  Overseer  
  78  10:36  Overseer x2  
  78  10:39  Zergling x2  
  78  10:40  Zergling x6, Mutalisk x2  
  78  10:41  Roach  
  78  10:42  Swarm Host  
  89  11:00  Hive  
  89  11:06  Hydralisk  
  89  11:07  Hydralisk  
  93  11:21  Zergling x2  
  93  11:22  Zergling x30  
  109  11:29  Overseer  
  109  11:47  Overseer  
  89  12:19  Hydralisk  
  89  12:20  Hydralisk x6  
  89  12:21  Hydralisk x4  
  83  12:30  Hydralisk x2  
  83  12:31  Hydralisk x7  
  83  12:32  Hydralisk x5  
  107  13:12  Spore Crawler  
  102  13:17  Drone x3  
  102  13:18  Drone x3  
  108  13:25  Drone x7  
  108  13:26  Drone x2  
  117  13:29  Overlord  
  117  13:30  Overlord x5  
  117  13:31  Overlord  
  71  13:49  Mutalisk x7  
  71  13:50  Mutalisk  
  87  13:56  Overseer x3  
  87  13:57  Unknown  
  87  13:58  Infestor x2  
  87  14:01  Swarm Host  
  94  14:06  Zerg Missile Weapons Level 2  
  94  14:14  Queen  
  96  14:21  Hydralisk x4  
  96  14:22  Hydralisk  
  106  14:43  Queen  
  108  14:52  Hatchery  
  108  14:56  Hydralisk x2  
  108  14:57  Hydralisk x6  
  108  14:58  Mutalisk x2  
  127  15:01  Roach  
  127  15:06  Metabolic Boost  
  129  15:37  Spore Crawler  
  79  15:52  Zergling x2  
  79  15:53  Hydralisk x7  
  79  15:54  Hydralisk x6  
  79  15:55  Hydralisk x4  
  108  15:57  Zergling x4  
  110  16:08  Spine Crawler  
  103  16:14  Zergling x6  
  103  16:15  Zergling x12  
  103  16:16  Zergling x4  
Show
View Real Time Build Order
Export as new Build Order

ХОХОЛ Protoss - Winner!

Build Orders: 1 Gate Expand 

Get SALT Encoding   

  1  0:00  Probe  
  12  0:05  Probe  
  14  0:15  Probe  
  15  0:25  Pylon  
  15  0:34  Assimilator  
  15  0:43  Probe  
  16  0:55  Gateway  
  16  1:05  Probe  
  17  1:13  Probe  
  18  1:27  Nexus  
  18  1:37  Probe  
  19  1:47  Cybernetics Core  
  19  2:06  Forge  
  19  2:25  Probe  
  19  2:27  Stalker  
  20  2:30  Shield Battery  
  20  2:31  Warp Gate  
  20  2:33  Probe  
  21  2:42  Probe  
  21  2:43  Probe  
  24  2:50  Pylon  
  25  2:54  Assimilator  
  25  2:55  Probe  
  26  3:07  Probe  
  27  3:23  Photon Cannon  
  27  3:30  Stargate  
  27  3:31  Probe  
  27  3:39  Probe  
  28  3:45  Nexus  
  29  3:49  Probe  
  30  3:55  Gateway  
  30  4:01  Probe, Pylon  
  31  4:07  Probe  
  32  4:13  Probe  
  33  4:21  Phoenix  
  35  4:25  Protoss Ground Weapons Level 1, Probe, Stalker  
  38  4:33  Pylon  
  38  4:35  Probe  
  38  4:43  Probe  
  39  4:48  Gateway  
  39  4:49  Assimilator  
  40  4:53  Probe  
  40  4:58  Oracle  
  40  4:59  Probe  
  45  5:00  Probe  
  46  5:07  Probe  
  46  5:08  Photon Cannon  
  46  5:12  Probe  
  48  5:14  Photon Cannon  
  48  5:22  Shield Battery  
  48  5:26  Photon Cannon  
  48  5:29  Probe  
  48  5:31  Probe  
  50  5:41  Probe  
  51  5:43  Probe  
  52  5:51  Probe  
  52  5:53  Probe  
  52  5:55  Probe  
  55  6:00  Assimilator  
  55  6:03  Probe  
  60  6:04  Probe  
  60  6:07  Stargate  
  60  6:09  Void Ray  
  61  6:12  Probe  
  61  6:15  Probe  
  63  6:19  Assimilator  
  63  6:20  Probe  
  63  6:25  Pylon  
  64  6:30  Stargate  
  64  6:31  Probe  
  65  6:33  Twilight Council  
  65  6:37  Protoss Ground Armor Level 1  
  65  6:38  Photon Cannon  
  65  6:44  Probe  
  66  6:53  Probe  
  74  6:56  Void Ray  
  74  6:57  Void Ray  
  75  7:01  Probe  
  76  7:10  Probe  
  76  7:13  Assimilator  
  77  7:18  Probe  
  77  7:22  Pylon  
  76  7:25  Stalker x3  
  82  7:30  Probe  
  83  7:40  Photon Cannon  
  83  7:43  Probe  
  88  7:44  Photon Cannon  
  88  7:45  Photon Cannon  
  88  7:46  Void Ray  
  88  7:53  Pylon  
  88  7:55  Probe  
  88  7:57  Photon Cannon  
  89  8:07  Probe  
  94  8:17  Fleet Beacon  
  94  8:18  Void Ray  
  94  8:19  Void Ray, Probe  
  99  8:31  Probe, Dark Shrine  
  99  8:32  Protoss Ground Weapons Level 2  
  100  8:49  Nexus, Protoss Air Weapons Level 1  
  100  8:55  Pylon  
  100  8:58  Pylon  
  100  8:59  Pylon  
  100  9:02  Pylon  
  83  9:46  Dark Templar x3  
  83  9:47  Probe  
  89  9:55  Probe  
  90  10:05  Probe  
  91  10:17  Probe  
  92  10:22  Blink  
  92  10:28  Stalker x3  
  94  10:29  Probe  
  94  10:32  Carrier x3  
  117  10:37  Gateway  
  117  10:38  Probe  
  117  10:39  Gateway, Probe  
  117  10:40  Gateway  
  117  10:42  Gateway  
  119  10:46  Probe, Dark Shrine  
  119  10:47  Probe, Templar Archives  
  119  10:50  Pylon  
  119  10:54  Pylon  
  119  10:55  Probe  
  119  10:56  Probe, Pylon  
  121  11:01  Photon Cannon  
  121  11:02  Photon Cannon  
  123  11:04  Photon Cannon  
  123  11:05  Photon Cannon, Protoss Ground Armor Level 2  
  123  11:08  Probe x2  
  125  11:13  Pylon  
  125  11:19  Psionic Storm  
  125  11:20  Probe x2  
  127  11:26  Protoss Air Weapons Level 2  
  127  11:27  Cybernetics Core  
  127  11:29  Forge  
  127  11:31  Forge  
  127  11:32  Probe  
  128  11:44  Probe  
  128  11:46  Photon Cannon  
  129  11:47  Photon Cannon  
  129  11:48  Photon Cannon  
  129  11:49  Photon Cannon  
  129  11:51  Photon Cannon  
  129  11:53  Pylon, Probe  
  130  11:55  Pylon  
  130  11:59  Pylon  
  130  12:05  Probe  
  121  12:11  Adept x2  
  121  12:12  Adept  
  104  12:18  Probe  
  96  12:28  Stalker x4  
  102  12:30  Probe  
  102  12:35  Dark Templar x3  
  109  12:41  Probe  
  110  12:47  Photon Cannon  
  110  12:48  Photon Cannon, Probe  
  110  12:49  Probe  
  110  12:50  Photon Cannon  
  110  12:51  Photon Cannon  
  110  12:53  Photon Cannon  
  110  12:56  Probe  
  110  12:57  Probe  
  112  13:00  Pylon  
  112  13:05  Photon Cannon  
  114  13:06  Photon Cannon, Probe  
  114  13:08  Probe  
  110  13:14  Resonating Glaives  
  110  13:20  Carrier, Probe  
  110  13:22  Carrier  
  123  13:39  Dark Templar x5  
  133  13:50  High Templar  
  133  13:54  Probe  
  136  14:02  Pylon  
  136  14:06  Probe, Photon Cannon  
  136  14:07  Photon Cannon  
  137  14:11  High Templar, Shield Battery  
  137  14:13  Shield Battery  
  137  14:15  Shield Battery x2  
  139  14:29  Assimilator  
  139  14:30  Nexus  
  139  14:33  Assimilator  
  139  14:45  Pylon  
  139  14:48  High Templar x2, Pylon  
  139  14:49  Dark Templar  
  139  14:50  Pylon, Dark Templar  
  139  14:52  Adept x2  
  151  15:24  Adept  
  151  15:25  Adept x6  
Tags
 
Add a new tag
Caveats
  • Supply blocks, unpowered buildings, or Contaminate may cause inaccurate times.
  • Supply counts are checked every 10 seconds.